[Event "*** Titled Tuesday Blitz"]
[Site "Chess.com"]
[Date "2020.10.27"]
[Round "2"]
[White "KaterynaLagno"]
[Black "Skat2704"]
[Result "0-1"]
[WhiteElo "2696"]
[BlackElo "2507"]
[TimeControl "180+1"]
[EndTime "10:17:09 PDT"]
[Termination "Skat2704 won by resignation"]

1. e4 c6 2. Nc3 d5 3. Nf3 dxe4 4. Nxe4 Nf6 5. Qe2 e6 6. d4 Be7 7. c3 Nbd7 8. Bf4 Nxe4 9. Qxe4 Nf6 10. Qc2 O-O 11.
O-O-O Qa5 12. Kb1 c5 13. Bd3 Bd7 14. Ne5 Bb5 15. c4 Ba4 16. b3 Bc6 17. Nxc6 bxc6 18. Bd2 Qc7 19. dxc5 h6 20. g4 Nd7 21. h4 Nxc5 22. Bh7+ Kh8 23. g5 f5 24. Bg6 Ne4 25. gxh6 Bf6 26. hxg7+ Bxg7 27. Bb4 Qe5 28. Qe2 Nc3+ 29.
Bxc3 Qxe2 30. Bxg7+ Kxg7 31. h5 Kf6 32. Rdg1 Rad8 33.
h6 Rd2 0-1

[Event "*** Titled Tuesday Blitz"]
[Site "Chess.com"]
[Date "2020.10.27"]
[Round "2"]
[White "northridgehawk"]
[Black "Chessdreamer2020"]
[Result "1/2-1/2"]
[WhiteElo "2252"]
[BlackElo "2461"]
[TimeControl "180+1"]
[EndTime "10:17:09 PDT"]
[Termination "Game drawn by repetition"]

1. e4 d6 2. d4 Nf6 3. Nc3 e5 4. Nge2 c6 5. f3 b5 6. Be3 Be7 7. Qd2 O-O 8. g4 Nfd7 9. Ng3 Nb6 10. O-O-O Nc4 11. Bxc4 bxc4 12. h4 Nd7 13. g5 Rb8 14. Rdg1 Qb6 15. Nd1 Qa6 16. a3 d5 17. Qc3 c5 18. Nf5 Re8 19. dxe5 d4 20. Bxd4 cxd4 21. Qxd4 Bc5 22. Nh6+ Kf8 23. Qd5 Qe6 24. Re1 gxh6 25. Qd2 h5 26. f4 Nxe5 27. fxe5 Qxe5 28. Rhf1 Bxa3 29. c3 Be7 30. Ne3 Be6 31. Nd5 Red8 32. Qf2 Bxd5 33. exd5 Qxd5 34. Rxe7 Kxe7 35. Qf6+ Ke8 36.
Re1+ Kd7 37. Rd1 Qxd1+ 38. Kxd1 Rxb2 39. Qxf7+ Kc8+ 40. Kc1 Rbd2 41. Qxc4+ Kb8 42. Qb5+ Kc8 43. Qc6+ Kb8 44. Qb5+ Kc8 45. Qc6+ Kb8 46. Qb5+ 1/2-1/2

[Event "*** Titled Tuesday Blitz"]
[Site "Chess.com"]
[Date "2020.10.27"]
[Round "2"]
[White "renehp"]
[Black "ChessQueen"]
[Result "0-1"]
[WhiteElo "2458"]
[BlackElo "2731"]
[TimeControl "180+1"]
[EndTime "10:17:14 PDT"]
[Termination "ChessQueen won by checkmate"]

1. e4 c6 2. d4 d5 3. Nc3 dxe4 4. Nxe4 Nf6 5. Nxf6+ exf6 6. c3 Bd6 7. Bd3 O-O 8. Ne2 Re8 9. Qc2 h5 10. O-O Nd7 11.
Ng3 h4 12. Nf5 Qc7 13. h3 Nf8 14. Nxh4 Ne6 15. Nf5 Bh2+ 16. Kh1 Bf4 17. Bxf4 Nxf4 18. Rae1 Be6 19. Ng3 g6 20. Re3 Kg7 21. Rfe1 Rh8 22.
Ne4 Rh4 23. Nc5 Bxh3 24. gxh3 Nxh3 25. Rg3 Nf4+ 26. Kg1 Rah8 27. Be4 Nh3+ 28. Kf1 Rf4 29. Rf3 Ng5 30. Rxf4 Qxf4 31. Bg2 Rh2 32. Qd3 b6 33.
Ne4 Ne6 34. Qg3 Qh6 35. Re3 Nf4 36. Bf3 Rh3 37. Qg1 Nd5 38. Rd3 Qc1+ 39. Kg2 Nf4# 0-1

[Event "*** Titled Tuesday Blitz"]
[Site "Chess.com"]
[Date "2020.10.27"]
[Round "2"]
[White "NotFischer"]
[Black "MartinMatthiesen"]
[Result "0-1"]
[WhiteElo "2137"]
[BlackElo "2421"]
[TimeControl "180+1"]
[EndTime "10:17:14 PDT"]
[Termination "MartinMatthiesen won on time"]

1. e4 e5 2. Bc4 Nc6 3. d3 Nf6 4.
Nc3 Na5 5. Nge2 Be7 6. O-O O-O 7. f4 Nxc4 8. dxc4 d6 9. f5 c6 10. Ng3 b5 11. cxb5 d5 12. bxc6 d4 13. Nce2 Qd6 14. Bg5 Ba6 15. Rf3 Qxc6 16. Bxf6 Bxf6 17. Nh5 Qxe4 18.
Nxf6+ gxf6 19. Ng3 Qg4 20. Nh5 Kh8 21. Nxf6 Qg5 22.
Nd7 Rg8 23. Rf2 Qe7 24. Qh5 Qxd7 25. Re1 f6 26. Re4 Bb7 27. Rh4 Rg5 28. Qh6 Qg7 0-1

[Event "*** Titled Tuesday Blitz"]
[Site "Chess.com"]
[Date "2020.10.27"]
[Round "2"]
[White "VladaSviridova"]
[Black "Oglob71"]
[Result "1-0"]
[WhiteElo "2285"]
[BlackElo "2468"]
[TimeControl "180+1"]
[EndTime "10:17:15 PDT"]
[Termination "VladaSviridova won on time"]

1. d4 Nf6 2. c4 e6 3. Nf3 b6 4. g3 Bb7 5. Bg2 Bb4+ 6. Bd2 a5 7. O-O O-O 8. a3 Be7 9. Nc3 Ne4 10. Rc1 Nxc3 11. Bxc3 d6 12. Re1 f5 13. e3 Be4 14. Nd2 Bxg2 15. Kxg2 Nd7 16. Nf3 Bf6 17. h4 Qe7 18. e4 f4 19. e5 dxe5 20. dxe5 fxg3 21.
exf6 Nxf6 22. fxg3 Ng4 23. Qd4 h5 24. Rxe6 Qf7 25. Ng5 Qf2+ 26. Qxf2 Rxf2+ 27. Kg1 Raf8 28. Rce1 Rc2 29. Re7 Nf6 30. Ne6 Rf7 31. Rxf7 Kxf7 32. Ng5+ Kg6 33. Ne4 Kf5 34. Nf2 1-0

[Event "*** Titled Tuesday Blitz"]
[Site "Chess.com"]
[Date "2020.10.27"]
[Round "2"]
[White "Shota_Azaladze"]
[Black "mishanick"]
[Result "1-0"]
[WhiteElo "2647"]
[BlackElo "2990"]
[TimeControl "180+1"]
[EndTime "10:17:21 PDT"]
[Termination "Shota_Azaladze won by resignation"]

1. g3 d5 2. Bg2 Nf6 3. d3 g6 4. Nd2 Bg7 5. e4 dxe4 6. dxe4 O-O 7. Ngf3 Nc6 8. O-O e5 9. b3 a5 10. Bb2 Qe7 11. Nc4 Rd8 12. Qe2 Re8 13. a4 b6 14.
Ba3 Qe6 15. Ng5 Qg4 16. Qxg4 Nxg4 17. c3 Bf8 18. Bxf8 Rxf8 19. Rfd1 Nf6 20. Nf3 Re8 21. Ne3 Bg4 22. Nxg4 Nxg4 23. Rd7 Rac8 24. Nd2 Nf6 25.
Rd3 Rcd8 26. Rxd8 Rxd8 27. Nc4 Nd7 28. f3 Nc5 29. b4 axb4 30. cxb4 Nb3 31. Rb1 Nd2 32.
Nxd2 Rxd2 33. Rc1 Nxb4 34. Rxc7 Nc2 35. Bf1 Ne3 36. Bb5 Rg2+ 37. Kh1 Rf2 38. Kg1 Rxf3 39. Rc3 f5 40. Be2 f4 41. Bxf3 1-0

[Event "*** Titled Tuesday Blitz"]
[Site "Chess.com"]
[Date "2020.10.27"]
[Round "2"]
[White "MrChampion_Coach"]
[Black "CzechmVIII"]
[Result "1-0"]
[WhiteElo "2431"]
[BlackElo "2163"]
[TimeControl "180+1"]
[EndTime "10:17:22 PDT"]
[Termination "MrChampion_Coach won by resignation"]

1. d4 Nf6 2. c4 c5 3. d5 b5 4.
cxb5 a6 5. bxa6 g6 6. Nc3 Bxa6 7. Nf3 Bg7 8. e4 Qa5 9. Bxa6 Nxe4 10. O-O Nxc3 11. bxc3 Bxc3 12. Rb1 Nxa6 13. d6 O-O 14. dxe7 Rfe8 15. Qxd7 Qxa2 16. Bf4 Qe6 17. Qd3 Bf6 18. Rfe1 Qg4 19. Qe4 Bxe7 20. Ne5 Qe6 21. Qb7 Rab8 22. Qa7 Rxb1 23. Rxb1 Bf6 24. Nf3 Qe4 25. Rd1 Qxf4 26. Qxa6 Kg7 27. Qc6 Qf5 28. Qxe8 Qc2 29. Qe1 c4 30. Rc1 Qd3 31. Ne5 Bxe5 32. Qxe5+ 1-0

[Event "*** Titled Tuesday Blitz"]
[Site "Chess.com"]
[Date "2020.10.27"]
[Round "2"]
[White "Ariadna_Atreides"]
[Black "JoliyRoger"]
[Result "0-1"]
[WhiteElo "2111"]
[BlackElo "2415"]
[TimeControl "180+1"]
[EndTime "10:17:22 PDT"]
[Termination "JoliyRoger won on time"]

1. d4 Nf6 2. Nf3 e6 3. e3 c5 4. Bd3 b6 5. O-O Bb7 6. b3 Be7 7. Bb2 O-O 8. Nbd2 Nc6 9. a3 d5 10. Ne5 Nxe5 11. dxe5 Nd7 12. f4 f5 13. exf6 Bxf6 14.
Qh5 h6 15. Be5 Bxe5 16. fxe5 Qg5 17. Qxg5 hxg5 18. Nf3 g4 19. Ng5 Nxe5 20. Bh7+ Kh8 21. Rxf8+ Rxf8 22. Nxe6 Rf6 23. Ng5 g6 24. h4 gxh3 25.
gxh3 Kg7 26. h4 Nf3+ 27. Kg2 Nxh4+ 28. Kg3 Nf5+ 29. Kg4 Nxe3+ 30. Kg3 d4 0-1

[Event "*** Titled Tuesday Blitz"]
[Site "Chess.com"]
[Date "2020.10.27"]
[Round "2"]
[White "FLamps8"]
[Black "MarceloPlaya"]
[Result "0-1"]
[WhiteElo "2462"]
[BlackElo "2277"]
[TimeControl "180+1"]
[EndTime "10:17:25 PDT"]
[Termination "MarceloPlaya won by resignation"]

1. e4 e6 2. d4 d5 3. Nc3 Bb4 4.
e5 c5 5. a3 Bxc3+ 6. bxc3 Ne7 7.
h4 Qa5 8. Bd2 Nbc6 9. Nf3 Bd7 10. h5 h6 11. Bd3 c4 12. Be2 O-O-O 13. Nh4 Kb8 14. Qb1 Ka8 15. Qb2 Bc8 16. f4 g6 17.
hxg6 fxg6 18. g3 Rdg8 19. O-O-O Bd7 20. Kb1 Be8 21. Ka2 Bf7 22. g4 b5 23. Rhf1 Rb8 24. f5 gxf5 25. gxf5 exf5 26. Nxf5 Bg6 27. Nxh6 Qa4 28. Rc1 a5 29. Rf6 b4 30. Bf3 b3+ 31.
cxb3 Rxb3 32. Bd1 Rxb2+ 33. Kxb2 Rb8+ 34. Ka2 Qb5 0-1

[Event "*** Titled Tuesday Blitz"]
[Site "Chess.com"]
[Date "2020.10.27"]
[Round "2"]
[White "MashaFromRussia"]
[Black "niki_2003"]
[Result "1/2-1/2"]
[WhiteElo "2380"]
[BlackElo "1873"]
[TimeControl "180+1"]
[EndTime "10:17:27 PDT"]
[Termination "Game drawn - insufficient material"]

1. d4 Nf6 2. c4 e6 3. g3 d5 4. Nf3 Nbd7 5. Bg2 b6 6. cxd5 Nxd5 7. O-O Bb7 8. e4 N5f6 9. e5 Ne4 10. Nc3 Nxc3 11.
bxc3 Be7 12. h4 c5 13. Bg5 cxd4 14. cxd4 Bxf3 15. Qxf3 Rc8 16. Rac1 Rxc1 17. Rxc1 O-O 18. Bxe7 Qxe7 19. Rc7 Qd8 20. Qb7 Nb8 21. d5 Na6 22. Rd7 Nc5 23. Rxd8 Nxb7 24. Rxf8+ Kxf8 25. dxe6 Nc5 26. exf7 Kxf7 27. Bd5+ Ke7 28. Kf1 Nd3 29. f4 Nb4 30.
Bc4 a6 31. Ke2 b5 32. Bg8 h6 33. Ke3 a5 34. f5 Nc2+ 35. Ke4 a4 36. g4 b4 37. g5 hxg5 38. hxg5 b3 39. axb3 a3 40.
b4 Nxb4 41. f6+ gxf6 42. exf6+ Kf8 43. Be6 a2 44. Bxa2 Nxa2 45. g6 Nb4 46. Ke5 Nc6+ 47. Kd6 Nd4 48. Kd5 Nf5 49. Ke5 Nh4 50. g7+ Kf7 51.
Kd6 Nf5+ 52. Kd7 Nxg7 53. fxg7 Kxg7 1/2-1/2

[Event "*** Titled Tuesday Blitz"]
[Site "Chess.com"]
[Date "2020.10.27"]
[Round "2"]
[White "LileKoridze"]
[Black "pfalcon1949"]
[Result "1-0"]
[WhiteElo "2399"]
[BlackElo "1992"]
[TimeControl "180+1"]
[EndTime "10:17:29 PDT"]
[Termination "LileKoridze won by checkmate"]

1. d4 d5 2. c4 dxc4 3. e3 Nf6 4. Bxc4 e6 5. Nf3 c5 6. O-O a6 7. a4 cxd4 8. Nxd4 Nc6 9. Nxc6 bxc6 10. Qe2 Bd6 11. e4 Qc7 12. g3 O-O 13. Nc3 Bb7 14. Bg5 Nd7 15. Rad1 Nc5 16. Rfe1 e5 17. Be3 Rad8 18.
Qg4 Bc8 19. Qe2 Kh8 20. b4 Ne6 21. b5 axb5 22. axb5 Bb4 23. Rc1 Nd4 24. Bxd4 exd4 25. Na2 Bxe1 26. Rxe1 c5 27. Nc1 f5 28. e5 Bb7 29.
Nd3 Rde8 30. Nf4 Ba8 31. Qh5 Qb6 32. e6 Kg8 33. e7+ Kh8 34. exf8=Q+ Rxf8 35. Re8 Qf6 36. Rxf8+ Qxf8 37. Ng6# 1-0

[Event "*** Titled Tuesday Blitz"]
[Site "Chess.com"]
[Date "2020.10.27"]
[Round "2"]
[White "Jungle_Jaguar"]
[Black "gixfantastix"]
[Result "1-0"]
[WhiteElo "2646"]
[BlackElo "2107"]
[TimeControl "180+1"]
[EndTime "10:17:30 PDT"]
[Termination "Jungle_Jaguar won on time"]

1. e4 c6 2. d4 d5 3. e5 Bf5 4. h4 h5 5. c4 e6 6. Nc3 Ne7 7. Nge2 Nd7 8. Ng3 Bg6 9. Bg5 Qa5 10.
Bxe7 Bxe7 11. cxd5 cxd5 12. Bd3 Bxd3 13. Qxd3 O-O-O 14. a3 Kb8 15. f4 Rc8 16. Ne2 Nb6 17. g3 Nc4 18. Rb1 f6 19. exf6 gxf6 20. O-O Rhg8 21.
Kh2 Bd6 22. Ng1 Nxb2 23. Rxb2 Rxc3 24. Qh7 Rc2+ 25. Rxc2 1-0

[Event "*** Titled Tuesday Blitz"]
[Site "Chess.com"]
[Date "2020.10.27"]
[Round "2"]
[White "TheChessChannel"]
[Black "chesslh19"]
[Result "1-0"]
[WhiteElo "2453"]
[BlackElo "2215"]
[TimeControl "180+1"]
[EndTime "10:17:30 PDT"]
[Termination "TheChessChannel won by resignation"]

1. c4 e6 2. g3 d5 3. cxd5 exd5 4. Nf3 Nf6 5. Bg2 c6 6. O-O Bg4 7. h3 Bxf3 8. Bxf3 Be7 9. Nc3 O-O 10. Qb3 Qb6 11.
Qxb6 axb6 12. d3 Nbd7 13. Bg2 Rfe8 14. e4 dxe4 15. dxe4 Ne5 16. Rd1 Rad8 17. Be3 Nc4 18. Bf4 Nxb2 19. Rdb1 Nc4 20. Bc7 Rd3 21. Ne2 Bc5 22.
Rc1 b5 23. a4 Rd2 24. axb5 cxb5 25. Kf1 Nxe4 26. Bxe4 Rxe4 27. Ra8+ Bf8 28. Nc3 Red4 29. Kg2 h5 30. Nxb5 Rd7 31. Rxc4 R2d5 32. Nc3 Rd3 33. Ba5 h4 34. Bb4 1-0

[Event "*** Titled Tuesday Blitz"]
[Site "Chess.com"]
[Date "2020.10.27"]
[Round "2"]
[White "RobPeresian"]
[Black "Euge_chess"]
[Result "1-0"]
[WhiteElo "2415"]
[BlackElo "2098"]
[TimeControl "180+1"]
[EndTime "10:17:30 PDT"]
[Termination "RobPeresian won on time"]

1. Nf3 Nf6 2. c4 e6 3. Nc3 d5 4.
d4 c5 5. cxd5 Nxd5 6. e4 Nxc3 7.
bxc3 Nc6 8. d5 Ne7 9. Bb5+ Bd7 10. Bxd7+ Qxd7 11. c4 b5 12. O-O bxc4 13. Ne5 Qd6 14. Qa4+ Nc6 15. Nxc4 Qc7 16. Bf4 Qc8 17. dxc6 f6 18.
Rfd1 e5 19. c7+ Kf7 20. Rd7+ Kg6 21. Bxe5 fxe5 22. Qc6+ Kh5 23. g4+ Kh4 24. Nxe5 Qe8 25. Nf3+ Kh3 26. Qd5 Be7 27. g5 Rf8 28. Qe6+ 1-0

[Event "*** Titled Tuesday Blitz"]
[Site "Chess.com"]
[Date "2020.10.27"]
[Round "2"]
[White "kreonx"]
[Black "Gloomy_Wanderer"]
[Result "0-1"]
[WhiteElo "2352"]
[BlackElo "2703"]
[TimeControl "180+1"]
[EndTime "10:17:31 PDT"]
[Termination "Gloomy_Wanderer won on time"]

1. e4 c5 2. Nc3 a6 3. a4 g6 4. f4 Nc6 5. Nf3 Bg7 6. Bc4 e6 7. d3 Nge7 8. O-O d5 9. Ba2 O-O 10. Qe1 Nd4 11. Nxd4 cxd4 12. Ne2 dxe4 13. dxe4 Nc6 14.
Bd2 d3 15. cxd3 Qxd3 16. Rd1 Qxe4 17. Nc3 Qxe1 18. Rfxe1 Rd8 19. Be3 Bd4 20. Bxd4 Rxd4 21. Rxd4 Nxd4 22. Rd1 Nc6 23. Ne4 Kf8 24. Nc5 Ke7 25.
Kf2 b6 26. Ne4 Bb7 27. Bb1 Rd8 28. Rxd8 Nxd8 29. g4 f5 30. gxf5 exf5 31. Ng5 h6 32. Nf3 Ne6 33. Ke3 Bxf3 34. Kxf3 Kd6 35. Bd3 a5 36.
Ke3 Nc7 37. Kd4 Nd5 38. b3 Nxf4 39. Bf1 Ne6+ 40. Kc4 f4 41. Kb5 Kc7 0-1

[Event "*** Titled Tuesday Blitz"]
[Site "Chess.com"]
[Date "2020.10.27"]
[Round "2"]
[White "keepitcoming"]
[Black "BanjoKazooieN64"]
[Result "0-1"]
[WhiteElo "2569"]
[BlackElo "2335"]
[TimeControl "180+1"]
[EndTime "10:17:31 PDT"]
[Termination "BanjoKazooieN64 won on time"]

1. d4 Nf6 2. c4 g6 3. Nc3 Bg7 4.
e4 d6 5. f3 O-O 6. Nge2 e5 7. d5 c5 8. Be3 Nh5 9. g4 Nf4 10. Nxf4 exf4 11. Bxf4 f5 12. gxf5 gxf5 13. Qd2 fxe4 14. Nxe4 Qh4+ 15. Bg3 Qh5 16. Be2 Rxf3 17. Bxf3 Qxf3 18. Nf2 Bf5 19. O-O Bd4 20. Qf4 Qh5 21.
Rae1 Nd7 22. Qxd6 Nf6 23. Be5 Ng4 24. Bg3 Rf8 0-1

[Event "*** Titled Tuesday Blitz"]
[Site "Chess.com"]
[Date "2020.10.27"]
[Round "2"]
[White "Chernobay_Artem"]
[Black "Msb2"]
[Result "0-1"]
[WhiteElo "2597"]
[BlackElo "2917"]
[TimeControl "180+1"]
[EndTime "10:17:32 PDT"]
[Termination "Msb2 won on time"]

1. e4 e6 2. d4 d5 3. Nc3 Nf6 4. Bg5 dxe4 5. Nxe4 Be7 6. Bxf6 gxf6 7.
Qd2 c5 8. Nxc5 Bxc5 9. dxc5 Qxd2+ 10. Kxd2 Ke7 11. c3 Rd8+ 12. Kc2 Nd7 13. b4 a5 14. Bb5 b6 15. c6 Ne5 16. Nf3 Nxf3 17. gxf3 axb4 18. cxb4 Ra3 19. Rhd1 Rxf3 20. Rxd8 Kxd8 21.
a4 Rxf2+ 22. Kc3 Kc7 23. a5 bxa5 24. bxa5 Kb8 25. a6 Ka7 26. Rd1 Kb6 27. Rd8 Kxb5 28. a7 Ra2 29. Rxc8 Rxa7 30. Rh8 Kxc6 31. Rxh7 Kd5 32. h4 f5 33. h5 Ra3+ 34. Kb4 Rh3 35. Kb5 e5 36. h6 f4 37. Rh8 Ke4 0-1

[Event "*** Titled Tuesday Blitz"]
[Site "Chess.com"]
[Date "2020.10.27"]
[Round "2"]
[White "LogoCzar"]
[Black "larisakalinina"]
[Result "1-0"]
[WhiteElo "2397"]
[BlackElo "1951"]
[TimeControl "180+1"]
[EndTime "10:17:34 PDT"]
[Termination "LogoCzar won on time"]

1. e4 c5 2. Nf3 Nc6 3. Bb5 g6 4.
Bxc6 dxc6 5. d3 Bg7 6. h3 e5 7. O-O Qe7 8. b4 cxb4 9. a3 c5 10. axb4 cxb4 11. c3 Nf6 12. d4 exd4 13. e5 Nd5 14. cxd4 O-O 15. Bg5 Qc7 16. Nbd2 Nc3 17.
Qb3 a5 18. Ne4 Be6 19. Qc2 Bf5 20. Nfd2 Rfc8 21. Rac1 Qb6 22. Qd3 Qc6 23. f3 a4 24.
g4 Bxe4 25. fxe4 b3 26. d5 Qc5+ 27. Be3 Qb4 28. e6 fxe6 29. dxe6 b2 30. Rxc3 Qxc3 31. Qe2 Bd4 32. Rf3 Rf8 33. Bxd4 Qxd4+ 34. Kg2 a3 35. e7 Rxf3 36. Nxf3 Qc5 37. Qd3 Qxe7 38. e5 a2 39.
Qb3+ Kg7 40. Qxb2 a1=Q 41. Qe2 Ra2 42. Nd2 1-0

[Event "*** Titled Tuesday Blitz"]
[Site "Chess.com"]
[Date "2020.10.27"]
[Round "2"]
[White "BilodeauA"]
[Black "Trankuilizer"]
[Result "1-0"]
[WhiteElo "2900"]
[BlackElo "2585"]
[TimeControl "180+1"]
[EndTime "10:17:35 PDT"]
[Termination "BilodeauA won on time"]

1. d4 d6 2. Nc3 Nf6 3. e4 g6 4. f4 Bg7 5. Nf3 O-O 6. Bd3 Na6 7.
O-O c5 8. d5 Rb8 9. Qe2 Nb4 10.
Bc4 a6 11. a3 b5 12. Bb3 c4 13. axb4 cxb3 14. cxb3 e6 15. dxe6 fxe6 16. Be3 d5 17. Bc5 Re8 18. e5 Nd7 19. Bd4 Qe7 20.
Na2 Bb7 21. Qd2 Rbc8 22. Nc1 Nb8 23. Nd3 Rc6 24. Rac1 Bf8 25. Bc5 Qf7 26. Nd4 Rcc8 27.
Bxf8 Qxf8 28. Nc5 Qf7 29. Nxb7 Qxb7 30. Rxc8 Qxc8 31. Rc1 Qd7 32. Qc3 Qe7 33. g3 Nd7 34. h4 h5 35. Kg2 Rf8 36. Ra1 Nb8 37. Qc5 Kf7 38. Rc1 Rd8 39. Qxe7+ Kxe7 40. Rc7+ Rd7 41. Rc8 1-0

[Event "*** Titled Tuesday Blitz"]
[Site "Chess.com"]
[Date "2020.10.27"]
[Round "2"]
[White "MIJuanReyesRosa"]
[Black "WildTricks"]
[Result "0-1"]
[WhiteElo "2074"]
[BlackElo "2411"]
[TimeControl "180+1"]
[EndTime "10:17:35 PDT"]
[Termination "WildTricks won on time"]

1. d4 g6 2. e4 Bh6 3. f4 d6 4.
Nc3 e5 5. dxe5 dxe5 6. Qxd8+ Kxd8 7. Bc4 Be6 8. Bxe6 fxe6 9. fxe5 Bxc1 10. Rxc1 Nc6 11.
Rd1+ Ke7 12. Nf3 Nh6 13. O-O Ng4 14. Nb5 Rac8 15. Rd3 a6 16. Nbd4 Ncxe5 17. Nxe5 Nxe5 18. Rb3 b5 19. a4 c5 20. Nf3 c4 21. Re3 Nc6 22.
axb5 axb5 23. e5 Rhf8 24. c3 Rf5 25. Rfe1 Ra8 26. g4 Rf4 27. h3 Ra2 28. R1e2 h5 29.
gxh5 gxh5 30. Kg2 Rf5 31. Kg3 Kf7 32. Nh4 Rg5+ 33. Kf4 Rg1 34. Nf3 Rb1 35. Ng5+ Ke7 36. Ke4 Rbxb2 37. Rxb2 Rxb2 38. Nf3 Rc2 39. Ng5 Rh2 0-1

[Event "*** Titled Tuesday Blitz"]
[Site "Chess.com"]
[Date "2020.10.27"]
[Round "2"]
[White "Supernotar"]
[Black "GMaka"]
[Result "1-0"]
[WhiteElo "2851"]
[BlackElo "2367"]
[TimeControl "180+1"]
[EndTime "10:17:36 PDT"]
[Termination "Supernotar won by resignation"]

1. d4 Nf6 2. c4 Nc6 3. Nf3 e6 4. g3 Bb4+ 5. Nbd2 d6 6. Bg2 e5 7.
d5 Bxd2+ 8. Qxd2 Ne7 9. O-O O-O 10. b3 Ne4 11. Qc2 f5 12. Nh4 Nf6 13. f4 e4 14.
e3 Ng6 15. Nxg6 hxg6 16. Bb2 b6 17. Qc3 a5 18. h3 Nh5 19. Kh2 Kf7 20. a3 Bd7 21. Rg1 Nf6 22. Bf1 Rh8 23. Kg2 Rh7 24.
Be2 Qh8 25. Rh1 Qb8 26. b4 axb4 27. axb4 Rh8 28. Rxa8 Qxa8 29. Ra1 Qb7 30. Qa3 b5 31. Qa7 Rb8 32. Bxf6 Kxf6 33. Qd4+ Kf7 34. Ra7 Qc8 35. c5 Ra8 36. c6 Be8 37. Qa1 Rxa7 38. Qxa7 Ke7 39. Bxb5 Bf7 40. h4 Bxd5 41. Ba6 Qd8 42. b5 Ke6 43. b6 Bxc6 44. bxc7 Qc8 1-0

[Event "*** Titled Tuesday Blitz"]
[Site "Chess.com"]
[Date "2020.10.27"]
[Round "2"]
[White "AniJak"]
[Black "ChessAurochs"]
[Result "0-1"]
[WhiteElo "2302"]
[BlackElo "2534"]
[TimeControl "180+1"]
[EndTime "10:17:37 PDT"]
[Termination "ChessAurochs won by resignation"]

1. e4 e5 2. Nc3 Nc6 3. g3 Bc5 4.
Bg2 Nf6 5. d3 O-O 6. Nge2 a5 7.
O-O d6 8. h3 Rb8 9. Kh2 b5 10. f4 b4 11. Nd5 Nxd5 12. exd5 Nd4 13. c3 Nxe2 14. Qxe2 bxc3 15. bxc3 exf4 16. Bxf4 Ba6 17.
Rad1 Qf6 18. Qd2 Qg6 19. Be4 f5 20. Bf3 Rfe8 21. Rfe1 Qf6 22. d4 Bb6 23. Bg5 Qf7 24. Rxe8+ Rxe8 25. Re1 Bc4 26. a3 a4 27. Kg2 Rxe1 28.
Qxe1 Bxd5 29. Bxd5 Qxd5+ 30. Kf2 Qe4 31. Qxe4 fxe4 32.
Ke3 d5 33. Bd8 Kf7 34. c4 Ke8 35. Bg5 c6 36. cxd5 cxd5 37. Bf4 Kd7 38. Be5 g6 39. g4 Ke6 40. h4 Bd8 41. h5 gxh5 42. gxh5 Be7 43.
Kf4 Bxa3 44. Bc7 Be7 0-1

[Event "*** Titled Tuesday Blitz"]
[Site "Chess.com"]
[Date "2020.10.27"]
[Round "2"]
[White "enriquetejedor"]
[Black "MVM2008"]
[Result "1-0"]
[WhiteElo "2457"]
[BlackElo "2216"]
[TimeControl "180+1"]
[EndTime "10:17:37 PDT"]
[Termination "enriquetejedor won by resignation"]

1. e4 e5 2. Nf3 Nc6 3. Bc4 Nf6 4. d3 Bc5 5. c3 O-O 6. b4 Bb6 7. a4 a6 8. O-O d5 9. exd5 Nxd5 10. Re1 Be6 11. Ra2 f6 12. d4 Kh8 13. dxe5 fxe5 14.
Bg5 Qd6 15. Rd2 h6 16. Bxd5 hxg5 17. Nxg5 Bxd5 18. Rxd5 Bxf2+ 19. Kh1 Bxe1 20. Qxe1 Qh6 21. Nf3 Rad8 22. Rxd8 Rxd8 23. Nbd2 Qg6 24. b5 axb5 25. axb5 Na5 26. Qh4+ 1-0

[Event "*** Titled Tuesday Blitz"]
[Site "Chess.com"]
[Date "2020.10.27"]
[Round "2"]
[White "AleksibFan"]
[Black "MarkEvgenievich"]
[Result "1-0"]
[WhiteElo "2565"]
[BlackElo "2315"]
[TimeControl "180+1"]
[EndTime "10:17:39 PDT"]
[Termination "AleksibFan won by resignation"]

1. d4 Nf6 2. Bg5 Ne4 3. Bf4 d5 4. e3 e6 5. Bd3 f5 6. Ne2 Bd6 7. O-O O-O 8. c4 c6 9. Nbc3 Bxf4 10. Nxf4 Qf6 11. f3 Nd6 12. c5 Nf7 13. Bc2 e5 14. dxe5 Nxe5 15. Qd4 Nbd7 16. b4 Nc4 17. Nfxd5 Qxd4 18.
exd4 cxd5 19. Nxd5 Nf6 20. Nc7 Ne3 21. Bb3+ Kh8 22. Rfe1 f4 23. Nxa8 Nfd5 24. Bxd5 Nxd5 25. Re5 Nxb4 26. Nc7 Bd7 27. d5 Nd3 28. Re7 Ba4 29. Ne6 Rb8 30. d6 Ne5 31. Re1 Ng6 32. Rc7 Re8 33. Re4 Bc6 34. Rxc6 bxc6 35. d7 1-0

[Event "*** Titled Tuesday Blitz"]
[Site "Chess.com"]
[Date "2020.10.27"]
[Round "2"]
[White "Unknown_IM"]
[Black "kuban1991"]
[Result "0-1"]
[WhiteElo "2353"]
[BlackElo "2772"]
[TimeControl "180+1"]
[EndTime "10:17:40 PDT"]
[Termination "kuban1991 won by resignation"]

1. e4 e6 2. d4 d5 3. e5 c5 4. c3 Nc6 5. Nf3 Bd7 6. a3 Qb6 7. Be2 f5 8. exf6 Nxf6 9. Ne5 cxd4 10. Nxc6 dxc3 11. Nb4 cxb2 12. Bxb2 Bxb4+ 13. axb4 Qxb4+ 14. Bc3 Qf4 15. O-O O-O 16. Qd4 Qh6 17. Rxa7 e5 18. Qb6 Rxa7 19. Qxa7 d4 20. Bc4+ Kh8 21. Bb4 Rc8 22.
Bb3 Bc6 23. Nd2 Qg5 24. g3 Qh6 25. f3 Qe3+ 26. Kg2 e4 27. fxe4 Nxe4 28. Nf3 Qxb3 29. Qxd4 Ng5 30. Bc3 Qf7 31. Qg4 Bxf3+ 32. Kg1 Bxg4 0-1

[Event "*** Titled Tuesday Blitz"]
[Site "Chess.com"]
[Date "2020.10.27"]
[Round "2"]
[White "zurzan"]
[Black "Inga83"]
[Result "0-1"]
[WhiteElo "2019"]
[BlackElo "2407"]
[TimeControl "180+1"]
[EndTime "10:17:40 PDT"]
[Termination "Inga83 won on time"]

1. f4 d5 2. Nf3 c5 3. g3 Nc6 4. Bg2 g6 5. O-O Bg7 6. d3 Nf6 7. c3 O-O 8. Qc2 Bf5 9. Nh4 d4 10.
Nxf5 gxf5 11. e4 fxe4 12. dxe4 d3 13. Qf2 c4 14. Na3 Ng4 15. Qf3 d2 16. Bxd2 Qxd2 17.
Nxc4 Qd7 18. Rad1 Qe6 19. Qe2 b5 20. Na3 b4 21. Nb5 bxc3 22. Nc7 Qc8 23. Nxa8 c2 24. Rc1 Nd4 25. Qd2 Qxa8 26. e5 Qd8 27. h3 Nf3+ 28.
Bxf3 Qxd2 29. hxg4 Rc8 30. Be4 e6 31. b3 Bf8 32. f5 Bc5+ 33. Kh1 Ba3 34. Rxc2 Rxc2 35. Bxc2 Qxc2 36. fxe6 fxe6 0-1

[Event "*** Titled Tuesday Blitz"]
[Site "Chess.com"]
[Date "2020.10.27"]
[Round "2"]
[White "PavelChernomordik"]
[Black "Benjoneliere44"]
[Result "0-1"]
[WhiteElo "2291"]
[BlackElo "2672"]
[TimeControl "180+1"]
[EndTime "10:17:42 PDT"]
[Termination "Benjoneliere44 won on time"]

1. e4 c5 2. Nc3 Nc6 3. Bb5 Nd4 4.
Bc4 g6 5. Nge2 Bg7 6. Nxd4 cxd4 7. Qf3 Nh6 8. Ne2 O-O 9. h3 e6 10. g4 Kh8 11. d3 f5 12. exf5 exf5 13. Qg2 d5 14. Qxd5 Qxd5 15. Bxd5 fxg4 16. hxg4 Nxg4 17. Nf4 Bf5 18. Bd2 Rae8+ 19. Kf1 g5 20. Nh3 h6 21. Bxb7 Kg8 22. Bd5+ Be6 23. Bxe6+ Rxe6 24. Re1 Rc6 25. Rc1 Ne3+ 26. Kg1 Nxc2 27. Kg2 Rfc8 28. f4 Ne3+ 29. Kf3 g4+ 30. Kg3 Rxc1 31. Rxc1 Rxc1 32. Bxc1 gxh3 33. Kxh3 Kf7 34. Kg3 Ke6 35. Kf3 Kf5 36. b4 Nd5 37. b5 h5 38. a4 Bf8 0-1

[Event "*** Titled Tuesday Blitz"]
[Site "Chess.com"]
[Date "2020.10.27"]
[Round "2"]
[White "BigAl"]
[Black "Andrakhanova"]
[Result "1-0"]
[WhiteElo "2472"]
[BlackElo "2245"]
[TimeControl "180+1"]
[EndTime "10:17:42 PDT"]
[Termination "BigAl won by resignation"]

1. Nf3 d5 2. g3 c6 3. Bg2 e6 4.
O-O Nd7 5. d3 Ngf6 6. Nbd2 g6 7.
e4 dxe4 8. dxe4 Bg7 9. Nc4 O-O 10. e5 Nd5 11. a4 b5 12. axb5 cxb5 13. Na5 Qc7 14. Re1 Rb8 15. h4 Nxe5 16. Nxe5 Bxe5 17. Rxe5 Qxe5 18. Nc6 Qc7 19. Nxb8 Qxb8 20. Qd4 Qb6 21. Qe5 f6 22. Qe2 a6 23. h5 Bb7 24. hxg6 hxg6 25. Bd2 Kf7 26. Re1 Rd8 27. Bh3 Rd6 28. Bg2 a5 29. c3 b4 30. c4 Nc7 31. c5 Qxc5 32.
Bxb7 Qc2 33. Be3 Qxe2 34. Rxe2 Rd1+ 35. Kg2 Nd5 36. Bc5 g5 37. Rc2 f5 38. Bxd5 Rxd5 39. Be3 Kf6 40. Rc8 g4 41. Ra8 e5 42. Ra6+ Kf7 43.
Bg5 f4 44. gxf4 exf4 45. Bxf4 1-0